Workbook
Name _ftn1: 'Выручка и БДР'!#REF!
Name _ftnref1: 'Выручка и БДР'!#REF!
Name газ: [1]энергорес!$B$3
Name доллар: '[2]параметры модели'!$C$3
Name доставка_Влад: '[2]параметры модели'!$B$30
Name доставка_Китай: '[2]параметры модели'!$B$31
Name коэфцен: '[2]параметры модели'!$B$15
Name ээ: [1]энергорес!$B$4

Sheet Таблица КПЭ - новое
B2: На этом листе все значения заполняются автоматически после корректного и полного заполнения значения в таблицах на других листах.
B4: Период, год | C4: Среднесписочная численность работников (без учета работников, занятых на сезонных работах) (ед.) | D4: Объем инвестиций в основной капитал | F4: Объем налогов и сборов, уплаченных в бюджеты бюджетной системы Российской Федерации | I4: Объем выпуска (реализации) товаров (работ, услуг) собственного производства в натуральном и стоимостном выражении
D5: За счет собственных средств (тыс. руб.) | E5: За счет заемных средств (тыс. руб.) | F5: Налогооблагаемая база по налогу на прибыль (тыс. руб.) | G5: Налог на прибыль, (тыс. руб.) | H5: Иные налоги и сборы (тыс. руб.) | I5: Выручка без НДС (тыс. руб.) | J5: Натуральные показатели собственного производства для промышленных и с/х объектов, ед. изм.
B6: I квартал* | C6: =Штат!H5 -> 145 | D6: =Инвестиции!C14 -> 14550 | E6: =Инвестиции!C15 -> 0 | F6: {=TRANSPOSE('Выручка и БДР'!D44:O44)} -> 151408.78 | G6: {=TRANSPOSE('Выручка и БДР'!D29:O29)} -> 30281.755 | H6: {=TRANSPOSE('Выручка и БДР'!D65:O65)} -> 34522.355 | I6: {=TRANSPOSE('Выручка и БДР'!D6:O6)} -> 185562.4 | J6: {=TRANSPOSE(Выручка!D20:O20)} -> 7000
B7: II квартал | C7: =Штат!I5 -> 340 | D7: =Инвестиции!D14 -> 14550 | E7: =Инвестиции!D15 -> 0 | F7: 498715.65 | G7: 99743.13 | H7: 112723.09 | I7: 557243.89 | J7: 21000
B8: III квартал | C8: =Штат!J5 -> 340 | D8: =Инвестиции!E14 -> 14550 | E8: =Инвестиции!E15 -> 0 | F8: 499267.32 | G8: 99853.464 | H8: 112833.42 | I8: 557801.13 | J8: 21000
B9: IV квартал | C9: =Штат!K5 -> 340 | D9: =Инвестиции!F14 -> 14550 | E9: =Инвестиции!F15 -> 0 | F9: 499819.54 | G9: 99963.909 | H9: 112943.87 | I9: 558358.93 | J9: 21000
B10: V квартал | C10: =Штат!L5 -> 340 | D10: =Инвестиции!G14 -> 8225 | E10: =Инвестиции!G15 -> 0 | F10: 733078.07 | G10: 146615.61 | H10: 161034.07 | I10: 794849.87 | J10: 29900
B11: VI квартал | C11: =Штат!M5 -> 340 | D11: =Инвестиции!H14 -> 8225 | E11: =Инвестиции!H15 -> 0 | F11: 733864.97 | G11: 146772.99 | H11: 161191.45 | I11: 795644.72 | J11: 29900
B12: VII квартал | C12: =Штат!N5 -> 340 | D12: =Инвестиции!I14 -> 8225 | E12: =Инвестиции!I15 -> 0 | F12: 726556.26 | G12: 145311.25 | H12: 163217.39 | I12: 796440.36 | J12: 29900
B13: VIII квартал | C13: =Штат!O5 -> 340 | D13: =Инвестиции!J14 -> 8225 | E13: =Инвестиции!J15 -> 0 | F13: 727344.73 | G13: 145468.95 | H13: 163375.09 | I13: 797236.8 | J13: 29900
B14: IX квартал | C14: =Штат!P5 -> 340 | D14: =Инвестиции!K14 -> 8225 | E14: =Инвестиции!K15 -> 0 | F14: 727266.5 | G14: 145453.3 | H14: 163532.94 | I14: 798034.04 | J14: 29900
B15: X квартал | C15: =Штат!Q5 -> 340 | D15: =Инвестиции!L14 -> 8225 | E15: =Инвестиции!L15 -> 0 | F15: 728056.55 | G15: 145611.31 | H15: 163690.95 | I15: 798832.07 | J15: 29900
B16: XI квартал | C16: =Штат!R5 -> 340 | D16: =Инвестиции!M14 -> 8225 | E16: =Инвестиции!M15 -> 0 | F16: 728847.4 | G16: 145769.48 | H16: 163849.12 | I16: 799630.9 | J16: 29900
B17: XII квартал | C17: =Штат!S5 -> 340 | D17: =Инвестиции!N14 -> 8225 | E17: =Инвестиции!N15 -> 0 | F17: 729639.03 | G17: 145927.81 | H17: 164007.45 | I17: 800430.54 | J17: 29900
B18: Итого (за скобками) | D18: =SUM(D6:D17) -> 124000 | E18: =SUM(E6:E17) -> 0 | F18: =SUM(F6:F17) -> 7483864.8 | G18: =SUM(G6:G17) -> 1496773 | H18: =SUM(H6:H17) -> 1676921.2 | I18: =SUM(I6:I17) -> 8240065.6 | J18: =SUM(J6:J17) -> 309200
B19: * первый период - всегда полный квартал, следующий за датой заключения договора
D22: =D18-SUM(Инвестиции!J10) -> 0 | F22: =F18-'Выручка и БДР'!W44 -> 0 | G22: =G18-'Выручка и БДР'!W49 -> 0 | I22: =I18-'Выручка и БДР'!W6 -> 0
B23: 2) по годам
B24: Период, год | C24: Среднесписочная численность работников (без учета работников, занятых на сезонных работах) (ед.) | D24: Объем инвестиций в основной капитал | F24: Объем налогов и сборов, уплаченных в бюджеты бюджетной системы Российской Федерации | I24: Объем выпуска (реализации) товаров (работ, услуг) собственного производства в натуральном и стоимостном выражении
D25: За счет собственных средств (тыс. руб.) | E25: За счет заемных средств (тыс. руб.) | F25: Налогооблагаемая база по налогу на прибыль (тыс. руб.) | G25: Налог на прибыль, (тыс. руб.) | H25: Иные налоги и сборы (тыс. руб.) | I25: Выручка без НДС (тыс. руб.) | J25: Натуральные показатели собственного производства для промышленных и с/х объектов*
B26: I год | C26: =AVERAGE(C6:C9) -> 291.25 | D26: =SUM(D6:D9) -> 58200 | E26: =SUM(E6:E9) -> 0 | F26: =SUM(F6:F9) -> 1649211.3 | G26: =SUM(G6:G9) -> 329842.26 | H26: =SUM(H6:H9) -> 373022.74 | I26: =SUM(I6:I9) -> 1858966.4 | J26: =SUM(J6:J9) -> 70000
B27: II год | C27: =AVERAGE(C10:C13) -> 340 | D27: =SUM(D10:D13) -> 32900 | E27: =SUM(E10:E13) -> 0 | F27: =SUM(F10:F13) -> 2920844 | G27: =SUM(G10:G13) -> 584168.81 | H27: =SUM(H10:H13) -> 648818.01 | I27: =SUM(I10:I13) -> 3184171.7 | J27: =SUM(J10:J13) -> 119600
B28: III год | C28: =AVERAGE(C14:C17) -> 340 | D28: =SUM(D14:D17) -> 32900 | E28: =SUM(E14:E17) -> 0 | F28: =SUM(F14:F17) -> 2913809.5 | G28: =SUM(G14:G17) -> 582761.9 | H28: =SUM(H14:H17) -> 655080.46 | I28: =SUM(I14:I17) -> 3196927.6 | J28: =SUM(J14:J17) -> 119600
B29: Итого (за скобками) | D29: =D26+D27+D28 -> 124000 | E29: =E26+E27+E28 -> 0 | F29: =F26+F27+F28 -> 7483864.8 | G29: =G26+G27+G28 -> 1496773 | H29: =H26+H27+H28 -> 1676921.2 | I29: =I26+I27+I28 -> 8240065.6 | J29: =J26+J27+J28 -> 309200
D30: =D18-D29 -> 0 | E30: =E18-E29 -> 0 | F30: =F18-F29 -> 0 | G30: =G18-G29 -> 0 | H30: =H18-H29 -> 0 | I30: =I18-I29 -> 0 | J30: =J18-J29 -> 0

Sheet Выручка и БДР
B2: Заполните пожалуйста ячейки розового цвета (остальные заполняются автоматически)
B4: Бюджет доходов и расходов | C4: Ед. изм. | D4: I год | H4: II год | L4: III год | P4: Итого | R4: Бюджет доходов и расходов | S4: Ед. изм. | T4: I год | U4: II год | V4: III год | W4: Итого
D5: I квартал | E5: II квартал | F5: III квартал | G5: IV квартал | H5: V квартал | I5: VI квартал | J5: VII квартал | K5: VIII квартал | L5: IX квартал | M5: X квартал | N5: XI квартал | O5: XII квартал
B6: Выручка - итого (без НДС) | C6: тыс.руб. | D6: =SUM(D7:D9) -> 185562.4 | E6: =SUM(E7:E9) -> 557243.89 | F6: =SUM(F7:F9) -> 557801.13 | G6: =SUM(G7:G9) -> 558358.93 | H6: =SUM(H7:H9) -> 794849.87 | I6: =SUM(I7:I9) -> 795644.72 | J6: =SUM(J7:J9) -> 796440.36 | K6: =SUM(K7:K9) -> 797236.8 | ... O6: =SUM(O7:O9) -> 800430.54 | P6: =SUM(D6:O6) -> 8240065.6 | R6: Выручка - итого (без НДС) | S6: тыс.руб. | T6: =SUM(D6:G6) -> 1858966.4 | U6: =SUM(H6:K6) -> 3184171.7 | V6: =SUM(L6:O6) -> 3196927.6 | W6: =SUM(T6:V6) -> 8240065.6 | X6: =W6-P6 -> 0
B7: Продукция (работы / услуги) №1 | C7: тыс.руб. | D7: =Выручка!D8 -> 82080 | E7: =Выручка!E8 -> 246486.24 | F7: =Выручка!F8 -> 246732.73 | G7: =Выручка!G8 -> 246979.46 | H7: =Выручка!H8 -> 354815.72 | I7: =Выручка!I8 -> 355170.54 | J7: =Выручка!J8 -> 355525.71 | K7: =Выручка!K8 -> 355881.23 | ... O7: =Выручка!O8 -> 357306.9 | P7: =SUM(D7:O7) -> 3670758.9 | R7: Продукция (работы / услуги) №1 | S7: тыс.руб. | T7: =SUM(D7:G7) -> 822278.43 | U7: =SUM(H7:K7) -> 1421393.2 | V7: =SUM(L7:O7) -> 1427087.3 | W7: =SUM(T7:V7) -> 3670758.9 | X7: =W7-P7 -> 0
B8: Продукция (работы / услуги) №2 | C8: тыс.руб. | D8: =Выручка!D13 -> 103482.4 | E8: =Выручка!E13 -> 310757.65 | F8: =Выручка!F13 -> 311068.4 | G8: =Выручка!G13 -> 311379.47 | H8: =Выручка!H13 -> 440034.15 | I8: =Выручка!I13 -> 440474.18 | J8: =Выручка!J13 -> 440914.65 | K8: =Выручка!K13 -> 441355.57 | ... O8: =Выручка!O13 -> 443123.64 | P8: =SUM(D8:O8) -> 4569306.7 | R8: Продукция (работы / услуги) №2 | S8: тыс.руб. | T8: =SUM(D8:G8) -> 1036687.9 | U8: =SUM(H8:K8) -> 1762778.5 | V8: =SUM(L8:O8) -> 1769840.2 | W8: =SUM(T8:V8) -> 4569306.7
B9: Продукция (работы / услуги) №3 | C9: тыс.руб. | D9: =Выручка!D18 -> 0 | E9: =Выручка!E18 -> 0 | F9: =Выручка!F18 -> 0 | G9: =Выручка!G18 -> 0 | H9: =Выручка!H18 -> 0 | I9: =Выручка!I18 -> 0 | J9: =Выручка!J18 -> 0 | K9: =Выручка!K18 -> 0 | ... O9: =Выручка!O18 -> 0 | P9: =SUM(D9:O9) -> 0 | R9: Продукция (работы / услуги) №3 | S9: тыс.руб. | T9: =SUM(D9:G9) -> 0 | U9: =SUM(H9:K9) -> 0 | V9: =SUM(L9:O9) -> 0 | W9: =SUM(T9:V9) -> 0 | X9: =W9-P9 -> 0
B10: Переменные затраты | C10: тыс.руб. | D10: =D11+D20 -> 28763.624 | E10: =E11+E20 -> 51348.039 | F10: =F11+F20 -> 51353.611 | G10: =G11+G20 -> 51359.189 | H10: =H11+H20 -> 53724.099 | I10: =I11+I20 -> 53732.047 | J10: =J11+J20 -> 60853.604 | K10: =K11+K20 -> 60861.568 | ... O10: =O11+O20 -> 60893.505 | P10: =SUM(D10:O10) -> 655521.86 | R10: Переменные затраты | S10: тыс.руб. | T10: =SUM(D10:G10) -> 182824.46 | U10: =SUM(H10:K10) -> 229171.32 | V10: =SUM(L10:O10) -> 243526.08 | W10: =SUM(T10:V10) -> 655521.86 | X10: =W10-P10 -> 0
B11: Переменные затраты - себестоимость реализации | C11: тыс.руб. | D11: =D12+D16+D17+D18+D19 -> 14263.624 | E11: =E12+E16+E17+E18+E19 -> 36848.039 | F11: =F12+F16+F17+F18+F19 -> 36853.611 | G11: =G12+G16+G17+G18+G19 -> 36859.189 | H11: =H12+H16+H17+H18+H19 -> 39224.099 | I11: =I12+I16+I17+I18+I19 -> 39232.047 | J11: =J12+J16+J17+J18+J19 -> 46353.604 | K11: =K12+K16+K17+K18+K19 -> 46361.568 | ... O11: =O12+O16+O17+O18+O19 -> 46393.505 | P11: =SUM(D11:O11) -> 481521.86 | R11: Переменные затраты - себестоимость реализации | S11: тыс.руб. | T11: =SUM(D11:G11) -> 124824.46 | U11: =SUM(H11:K11) -> 171171.32 | V11: =SUM(L11:O11) -> 185526.08 | W11: =SUM(T11:V11) -> 481521.86 | X11: =W11-P11 -> 0
B12: Себестоимость реализованных товаров | C12: тыс.руб. | D12: =SUM(D13:D15) -> 0 | E12: =SUM(E13:E15) -> 0 | F12: =SUM(F13:F15) -> 0 | G12: =SUM(G13:G15) -> 0 | H12: =SUM(H13:H15) -> 0 | I12: =SUM(I13:I15) -> 0 | J12: =SUM(J13:J15) -> 0 | K12: =SUM(K13:K15) -> 0 | ... P12: =SUM(P13:P15) -> 2758577.4 | R12: Себестоимость реализованных товаров | S12: тыс.руб. | T12: =SUM(D12:G12) -> 0 | U12: =SUM(H12:K12) -> 0 | V12: =SUM(L12:O12) -> 0 | W12: =SUM(T12:V12) -> 0 | X12: =W12-P12 -> -2758577.4
B13: Продукция (работы / услуги) №1 | C13: тыс.руб. | D13: =D7*D33 -> 0 | E13: =E7*E33 -> 0 | F13: =F7*F33 -> 0 | G13: =G7*G33 -> 0 | H13: =H7*H33 -> 0 | I13: =I7*I33 -> 0 | J13: =J7*J33 -> 0 | K13: =K7*K33 -> 0 | ... O13: =O7*O33 -> 0 | P13: =SUM(P14:P16) -> 1420489 | R13: Продукция (работы / услуги) №1 | S13: тыс.руб. | T13: =SUM(D13:G13) -> 0 | U13: =SUM(H13:K13) -> 0 | V13: =SUM(L13:O13) -> 0 | W13: =SUM(T13:V13) -> 0 | X13: =W13-P13 -> -1420489
B14: Продукция (работы / услуги) №2 | C14: тыс.руб. | D14: =D8*D34 -> 0 | E14: =E8*E34 -> 0 | F14: =F8*F34 -> 0 | G14: =G8*G34 -> 0 | H14: =H8*H34 -> 0 | I14: =I8*I34 -> 0 | J14: =J8*J34 -> 0 | K14: =K8*K34 -> 0 | ... O14: =O8*O34 -> 0 | P14: =SUM(P15:P17) -> 861756.51 | R14: Продукция (работы / услуги) №2 | S14: тыс.руб. | T14: =SUM(D14:G14) -> 0 | U14: =SUM(H14:K14) -> 0 | V14: =SUM(L14:O14) -> 0 | W14: =SUM(T14:V14) -> 0 | X14: =W14-P14 -> -861756.51
B15: Продукция (работы / услуги) №3 | C15: тыс.руб. | D15: =D9*D35 -> 0 | E15: =E9*E35 -> 0 | F15: =F9*F35 -> 0 | G15: =G9*G35 -> 0 | H15: =H9*H35 -> 0 | I15: =I9*I35 -> 0 | J15: =J9*J35 -> 0 | K15: =K9*K35 -> 0 | ... O15: =O9*O35 -> 0 | P15: =SUM(P16:P18) -> 476331.86 | R15: Продукция (работы / услуги) №3 | S15: тыс.руб. | T15: =SUM(D15:G15) -> 0 | U15: =SUM(H15:K15) -> 0 | V15: =SUM(L15:O15) -> 0 | W15: =SUM(T15:V15) -> 0 | X15: =W15-P15 -> -476331.86
B16: Расходы по аренде имущества (ФРТ) | C16: тыс.руб. | D16: =D6*D31 -> 1855.624 | E16: =E6*E31 -> 5572.4389 | F16: =F6*F31 -> 5578.0113 | G16: =G6*G31 -> 5583.5893 | H16: =H6*H31 -> 7948.4987 | I16: =I6*I31 -> 7956.4472 | J16: =J6*J31 -> 7964.4036 | K16: =K6*K31 -> 7972.368 | ... O16: =O6*O31 -> 8004.3054 | P16: =SUM(D16:O16) -> 82400.656 | R16: Расходы по аренде имущества (ФРТ) | S16: тыс.руб. | T16: =SUM(D16:G16) -> 18589.664 | U16: =SUM(H16:K16) -> 31841.717 | V16: =SUM(L16:O16) -> 31969.276 | W16: =SUM(T16:V16) -> 82400.656 | X16: =W16-P16 -> 0
B17: Заработная плата с НДФЛ (операционная деятельность) | C17: тыс.руб. | D17: =Штат!H14 -> 9360 | E17: =Штат!I14 -> 23712 | F17: =Штат!J14 -> 23712 | G17: =Штат!K14 -> 23712 | H17: =Штат!L14 -> 23712 | I17: =Штат!M14 -> 23712 | J17: =Штат!N14 -> 29184 | K17: =Штат!O14 -> 29184 | ... O17: =Штат!S14 -> 29184 | P17: =SUM(D17:O17) -> 303024 | R17: Заработная плата с НДФЛ (занятые в торговле) | S17: тыс.руб. | T17: =SUM(D17:G17) -> 80496 | U17: =SUM(H17:K17) -> 105792 | V17: =SUM(L17:O17) -> 116736 | W17: =SUM(T17:V17) -> 303024 | X17: =W17-P17 -> 0
B18: Отчисления на заработную плату (операционная деятельность) | C18: тыс.руб. | D18: =Штат!H18 -> 2808 | E18: =Штат!I18 -> 7113.6 | F18: =Штат!J18 -> 7113.6 | G18: =Штат!K18 -> 7113.6 | H18: =Штат!L18 -> 7113.6 | I18: =Штат!M18 -> 7113.6 | J18: =Штат!N18 -> 8755.2 | K18: =Штат!O18 -> 8755.2 | ... O18: =Штат!S18 -> 8755.2 | P18: =SUM(D18:O18) -> 90907.2 | R18: Отчисления на заработную плату (занятые в торговле) | S18: тыс.руб. | T18: =SUM(D18:G18) -> 24148.8 | U18: =SUM(H18:K18) -> 31737.6 | V18: =SUM(L18:O18) -> 35020.8 | W18: =SUM(T18:V18) -> 90907.2 | X18: =W18-P18 -> 0
B19: Прочие переменные расходы | C19: тыс.руб. | D19: 240 | E19: 450 | F19: 450 | G19: 450 | H19: 450 | I19: 450 | J19: 450 | K19: 450 | L19: 450 | M19: 450 | N19: 450 | O19: 450 | P19: =SUM(D19:O19) -> 5190 | R19: Прочие переменные расходы | S19: тыс.руб. | T19: =SUM(D19:G19) -> 1590 | U19: =SUM(H19:K19) -> 1800 | V19: =SUM(L19:O19) -> 1800 | W19: =SUM(T19:V19) -> 5190 | X19: =W19-P19 -> 0
A20: транспортые | B20: Переменные затраты - маркетинг и логистика | C20: тыс.руб. | D20: 14500 | E20: 14500 | F20: 14500 | G20: 14500 | H20: 14500 | I20: 14500 | J20: 14500 | K20: 14500 | L20: 14500 | M20: 14500 | N20: 14500 | O20: 14500 | P20: =SUM(D20:O20) -> 174000 | R20: Переменные затраты - маркетинг и логистика | S20: тыс.руб. | T20: =SUM(D20:G20) -> 58000 | U20: =SUM(H20:K20) -> 58000 | V20: =SUM(L20:O20) -> 58000 | W20: =SUM(T20:V20) -> 174000 | X20: =W20-P20 -> 0
B21: Валовая прибыль | C21: тыс.руб. | D21: =D6-D10 -> 156798.78 | E21: =E6-E10 -> 505895.85 | F21: =F6-F10 -> 506447.52 | G21: =G6-G10 -> 506999.74 | H21: =H6-H10 -> 741125.77 | I21: =I6-I10 -> 741912.67 | J21: =J6-J10 -> 735586.76 | K21: =K6-K10 -> 736375.23 | ... O21: =O6-O10 -> 739537.03 | P21: =SUM(D21:O21) -> 7584543.8 | R21: Валовая прибыль | S21: тыс.руб. | T21: =SUM(D21:G21) -> 1676141.9 | U21: =SUM(H21:K21) -> 2955000.4 | V21: =SUM(L21:O21) -> 2953401.5 | W21: =SUM(T21:V21) -> 7584543.8 | X21: =W21-P21 -> 0
B22: Постоянные затраты | C22: тыс.руб. | D22: =SUM(D23:D26) -> 5390 | E22: =SUM(E23:E26) -> 7180.2 | F22: =SUM(F23:F26) -> 7180.2 | G22: =SUM(G23:G26) -> 7180.2 | H22: =SUM(H23:H26) -> 8047.7 | I22: =SUM(I23:I26) -> 8047.7 | J22: =SUM(J23:J26) -> 9030.5 | K22: =SUM(K23:K26) -> 9030.5 | ... O22: =SUM(O23:O26) -> 9898 | P22: =SUM(D22:O22) -> 100679 | R22: Постоянные затраты | S22: тыс.руб. | T22: =SUM(D22:G22) -> 26930.6 | U22: =SUM(H22:K22) -> 34156.4 | V22: =SUM(L22:O22) -> 39592 | W22: =SUM(T22:V22) -> 100679 | X22: =W22-P22 -> 0
B23: Заработная плата с НДФЛ (административный персонал) | C23: тыс.руб. | D23: =Штат!H15 -> 2850 | E23: =Штат!I15 -> 4104 | F23: =Штат!J15 -> 4104 | G23: =Штат!K15 -> 4104 | H23: =Штат!L15 -> 4104 | I23: =Штат!M15 -> 4104 | J23: =Штат!N15 -> 4860 | K23: =Штат!O15 -> 4860 | ... O23: =Штат!S15 -> 4860 | P23: =SUM(D23:O23) -> 52530 | R23: Заработная плата с НДФЛ (администрация и сотрудники УК) | S23: тыс.руб. | T23: =SUM(D23:G23) -> 15162 | U23: =SUM(H23:K23) -> 17928 | V23: =SUM(L23:O23) -> 19440 | W23: =SUM(T23:V23) -> 52530 | X23: =W23-P23 -> 0
B24: Отчисления на заработную плату (административный персонал) | C24: тыс.руб. | D24: =Штат!H19 -> 855 | E24: =Штат!I19 -> 1231.2 | F24: =Штат!J19 -> 1231.2 | G24: =Штат!K19 -> 1231.2 | H24: =Штат!L19 -> 1231.2 | I24: =Штат!M19 -> 1231.2 | J24: =Штат!N19 -> 1458 | K24: =Штат!O19 -> 1458 | ... O24: =Штат!S19 -> 1458 | P24: =SUM(D24:O24) -> 15759 | R24: Отчисления на заработную плату (администрация и сотрудники УК) | S24: тыс.руб. | T24: =SUM(D24:G24) -> 4548.6 | U24: =SUM(H24:K24) -> 5378.4 | V24: =SUM(L24:O24) -> 5832 | W24: =SUM(T24:V24) -> 15759 | X24: =W24-P24 -> 0
B25: Накладные расходы | C25: тыс.руб. | D25: 120 | E25: 280 | F25: 280 | G25: 280 | H25: 280 | I25: 280 | J25: 280 | K25: 280 | L25: 280 | M25: 280 | N25: 280 | O25: 280 | P25: =SUM(D25:O25) -> 3200 | R25: Накладные расходы | S25: тыс.руб. | T25: =SUM(D25:G25) -> 960 | U25: =SUM(H25:K25) -> 1120 | V25: =SUM(L25:O25) -> 1120 | W25: =SUM(T25:V25) -> 3200 | X25: =W25-P25 -> 0
B26: Амортизация | C26: тыс.руб. | D26: =Инвестиции!C64 -> 1565 | E26: =Инвестиции!D64 -> 1565 | F26: =Инвестиции!E64 -> 1565 | G26: =Инвестиции!F64 -> 1565 | H26: =Инвестиции!G64 -> 2432.5 | I26: =Инвестиции!H64 -> 2432.5 | J26: =Инвестиции!I64 -> 2432.5 | K26: =Инвестиции!J64 -> 2432.5 | ... O26: =Инвестиции!N64 -> 3300 | P26: =SUM(D26:O26) -> 29190 | R26: Амортизация | S26: тыс.руб. | T26: =SUM(D26:G26) -> 6260 | U26: =SUM(H26:K26) -> 9730 | V26: =SUM(L26:O26) -> 13200 | W26: =SUM(T26:V26) -> 29190 | X26: =W26-P26 -> 0
B27: Проценты к уплате | C27: тыс.руб. | P27: =SUM(D27:O27) -> 0 | R27: Проценты к уплате | S27: тыс.руб. | T27: =SUM(D27:G27) -> 0 | U27: =SUM(H27:K27) -> 0 | V27: =SUM(L27:O27) -> 0 | W27: =SUM(T27:V27) -> 0 | X27: =W27-P27 -> 0
B28: Прибыль (убыток) до налогообложения | C28: тыс.руб. | D28: =D21-D22-D27 -> 151408.78 | E28: =E21-E22-E27 -> 498715.65 | F28: =F21-F22-F27 -> 499267.32 | G28: =G21-G22-G27 -> 499819.54 | H28: =H21-H22-H27 -> 733078.07 | I28: =I21-I22-I27 -> 733864.97 | J28: =J21-J22-J27 -> 726556.26 | K28: =K21-K22-K27 -> 727344.73 | ... O28: =O21-O22-O27 -> 729639.03 | P28: =SUM(D28:O28) -> 7483864.8 | R28: Прибыль (убыток) до налогообложения | S28: тыс.руб. | T28: =SUM(D28:G28) -> 1649211.3 | U28: =SUM(H28:K28) -> 2920844 | V28: =SUM(L28:O28) -> 2913809.5 | W28: =SUM(T28:V28) -> 7483864.8 | X28: =W28-P28 -> 0
B29: Налог на прибыль (начисленный) | C29: тыс.руб. | D29: =D49 -> 30281.755 | E29: =E49 -> 99743.13 | F29: =F49 -> 99853.464 | G29: =G49 -> 99963.909 | H29: =H49 -> 146615.61 | I29: =I49 -> 146772.99 | J29: =J49 -> 145311.25 | K29: =K49 -> 145468.95 | ... O29: =O49 -> 145927.81 | P29: =SUM(D29:O29) -> 1496773 | R29: Налог на прибыль (начисленный) | S29: тыс.руб. | T29: =SUM(D29:G29) -> 329842.26 | U29: =SUM(H29:K29) -> 584168.81 | V29: =SUM(L29:O29) -> 582761.9 | W29: =SUM(T29:V29) -> 1496773 | X29: =W29-P29 -> 0
B30: Чистая прибыль (убыток) | C30: тыс.руб. | D30: =D28-D29 -> 121127.02 | E30: =E28-E29 -> 398972.52 | F30: =F28-F29 -> 399413.86 | G30: =G28-G29 -> 399855.63 | H30: =H28-H29 -> 586462.45 | I30: =I28-I29 -> 587091.98 | J30: =J28-J29 -> 581245.01 | K30: =K28-K29 -> 581875.79 | ... O30: =O28-O29 -> 583711.22 | P30: =SUM(D30:O30) -> 5987091.8 | R30: Чистая прибыль (убыток) | S30: тыс.руб. | T30: =SUM(D30:G30) -> 1319369 | U30: =SUM(H30:K30) -> 2336675.2 | V30: =SUM(L30:O30) -> 2331047.6 | W30: =SUM(T30:V30) -> 5987091.8 | X30: =W30-P30 -> 0
B31: Расходы по аренде имущества (ФРТ), в % от выручки | D31: 0.01 | E31: 0.01 | F31: 0.01 | G31: 0.01 | H31: 0.01 | I31: 0.01 | J31: 0.01 | K31: 0.01 | L31: 0.01 | M31: 0.01 | N31: 0.01 | O31: 0.01 | R31: Рентабельность по чистой прибыли | S31: % | T31: =IFERROR(T30/T6,0) -> 0.7097326 | U31: =IFERROR(U30/U6,0) -> 0.73384083 | V31: =IFERROR(V30/V6,0) -> 0.72915246 | W31: =IFERROR(W30/W6,0) -> 0.72658303
B32: Себестоимость, в % от выручки (реализации)
B33: Продукция (работы / услуги) №1 | C33: % | D33: 0 | E33: 0 | F33: 0 | G33: 0 | H33: 0 | I33: 0 | J33: 0 | K33: 0 | L33: 0 | M33: 0 | N33: 0 | O33: 0
B34: Продукция (работы / услуги) №2 | C34: % | D34: 0 | E34: 0 | F34: 0 | G34: 0 | H34: 0 | I34: 0 | J34: 0 | K34: 0 | L34: 0 | M34: 0 | N34: 0 | O34: 0
B35: Продукция (работы / услуги) №3 | C35: % | D35: 0 | E35: 0 | F35: 0 | G35: 0 | H35: 0 | I35: 0 | J35: 0 | K35: 0 | L35: 0 | M35: 0 | N35: 0 | O35: 0
B38: Расчет налога на прибыль | C38: ед.изм. | D38: I год | H38: II год | L38: III год | R38: Расчет налога на прибыль | S38: Ед. изм. | T38: I год | U38: II год | V38: III год | W38: Итого
D39: I квартал | E39: II квартал | F39: III квартал | G39: IV квартал | H39: V квартал | I39: VI квартал | J39: VII квартал | K39: VIII квартал | L39: IX квартал | M39: X квартал | N39: XI квартал | O39: XII квартал
B40: Убыток | C40: тыс.руб. | D40: =IF(D28<0,D28,0) -> 0 | E40: =IF(E28<0,E28,0) -> 0 | F40: =IF(F28<0,F28,0) -> 0 | G40: =IF(G28<0,G28,0) -> 0 | H40: =IF(H28<0,H28,0) -> 0 | I40: =IF(I28<0,I28,0) -> 0 | J40: =IF(J28<0,J28,0) -> 0 | K40: =IF(K28<0,K28,0) -> 0 | ... O40: =IF(O28<0,O28,0) -> 0 | R40: Убыток | S40: тыс.руб. | T40: =SUM(D40:G40) -> 0 | U40: =SUM(H40:K40) -> 0 | V40: =SUM(L40:O40) -> 0 | W40: =SUM(T40:V40) -> 0
B41: Накопленный убыток | C41: тыс.руб. | D41: =D40 -> 0 | E41: =D41+E40+E43 -> 0 | F41: =E41+F40+F43 -> 0 | G41: =F41+G40+G43 -> 0 | H41: =G41+H40+H43 -> 0 | I41: =H41+I40+I43 -> 0 | J41: =I41+J40+J43 -> 0 | K41: =J41+K40+K43 -> 0 | L41: =K41+L40+L43 -> 0 | ... O41: =N41+O40+O43 -> 0 | R41: Накопленный убыток | S41: тыс.руб. | T41: =G41 -> 0 | U41: =K41 -> 0 | V41: =O41 -> 0 | W41: =SUM(T41:V41) -> 0
B42: Прибыль | C42: тыс.руб. | D42: =IF(D28>0,D28,0) -> 151408.78 | E42: =IF(E28>0,E28,0) -> 498715.65 | F42: =IF(F28>0,F28,0) -> 499267.32 | G42: =IF(G28>0,G28,0) -> 499819.54 | H42: =IF(H28>0,H28,0) -> 733078.07 | I42: =IF(I28>0,I28,0) -> 733864.97 | J42: =IF(J28>0,J28,0) -> 726556.26 | K42: =IF(K28>0,K28,0) -> 727344.73 | ... O42: =IF(O28>0,O28,0) -> 729639.03 | R42: Прибыль | S42: тыс.руб. | T42: =SUM(D42:G42) -> 1649211.3 | U42: =SUM(H42:K42) -> 2920844 | V42: =SUM(L42:O42) -> 2913809.5 | W42: =SUM(T42:V42) -> 7483864.8
B43: Зачитываемая в уменьшение базы сумма убытка (макс. 50%) | C43: тыс.руб. | E43: =IF(D48>0,IF(E42>0,IF(E46>=D48,D48,E46),0),0) -> 0 | F43: =IF(E48>0,IF(F42>0,IF(F46>=E48,E48,F46),0),0) -> 0 | G43: =IF(F48>0,IF(G42>0,IF(G46>=F48,F48,G46),0),0) -> 0 | H43: =IF(G48>0,IF(H42>0,IF(H46>=G48,G48,H46),0),0) -> 0 | I43: =IF(H48>0,IF(I42>0,IF(I46>=H48,H48,I46),0),0) -> 0 | J43: =IF(I48>0,IF(J42>0,IF(J46>=I48,I48,J46),0),0) -> 0 | K43: =IF(J48>0,IF(K42>0,IF(K46>=J48,J48,K46),0),0) -> 0 | L43: =IF(K48>0,IF(L42>0,IF(L46>=K48,K48,L46),0),0) -> 0 | ... O43: =IF(N48>0,IF(O42>0,IF(O46>=N48,N48,O46),0),0) -> 0 | R43: Зачитываемая в уменьшение базы сумма убытка (макс. 50%) | S43: тыс.руб. | T43: =SUM(D43:G43) -> 0 | U43: =SUM(H43:K43) -> 0 | V43: =SUM(L43:O43) -> 0 | W43: =SUM(T43:V43) -> 0
B44: Итого налогооблогаемая база по налогу на прибыль | C44: тыс.руб. | D44: =D42-D43-IF(D48>0,) -> 151408.78 | E44: =E42-E43-IF(E48>0,) -> 498715.65 | F44: =F42-F43-IF(F48>0,) -> 499267.32 | G44: =G42-G43-IF(G48>0,) -> 499819.54 | H44: =H42-H43-IF(H48>0,) -> 733078.07 | I44: =I42-I43-IF(I48>0,) -> 733864.97 | J44: =J42-J43-IF(J48>0,) -> 726556.26 | K44: =K42-K43-IF(K48>0,) -> 727344.73 | ... O44: =O42-O43-IF(O48>0,) -> 729639.03 | R44: Итого налогооблогаемая база по налогу на прибыль | S44: тыс.руб. | T44: =SUM(D44:G44) -> 1649211.3 | U44: =SUM(H44:K44) -> 2920844 | V44: =SUM(L44:O44) -> 2913809.5 | W44: =SUM(T44:V44) -> 7483864.8
B45: Справочно: | R45: Справочно: | S45: тыс.руб. | T45: =SUM(D45:G45) -> 0 | U45: =SUM(H45:K45) -> 0 | V45: =SUM(L45:O45) -> 0 | W45: =SUM(T45:V45) -> 0
B46: Лимит уменьшения налогооблогаемой прибыли (50%) | C46: тыс.руб. | D46: =D42*0.5 -> 75704.388 | E46: =E42*0.5 -> 249357.82 | F46: =F42*0.5 -> 249633.66 | G46: =G42*0.5 -> 249909.77 | H46: =H42*0.5 -> 366539.03 | I46: =I42*0.5 -> 366932.48 | J46: =J42*0.5 -> 363278.13 | K46: =K42*0.5 -> 363672.37 | ... O46: =O42*0.5 -> 364819.52 | R46: Лимит уменьшения налогооблогаемой прибыли (50%) | S46: тыс.руб. | T46: =SUM(D46:G46) -> 824605.64 | U46: =SUM(H46:K46) -> 1460422 | V46: =SUM(L46:O46) -> 1456904.7 | W46: =SUM(T46:V46) -> 3741932.4
B47: Зачтенный в счет уменьшения налогооблогаемой прибыли убыток (накопленный итог) | C47: тыс.руб. | D47: =D43 -> 0 | E47: =E43+D47 -> 0 | F47: =F43+E47 -> 0 | G47: =G43+F47 -> 0 | H47: =H43+G47 -> 0 | I47: =I43+H47 -> 0 | J47: =J43+I47 -> 0 | K47: =K43+J47 -> 0 | L47: =L43+K47 -> 0 | ... O47: =O43+N47 -> 0 | R47: Зачтенный в счет уменьшения налогооблогаемой прибыли убыток (накопленный итог) | S47: тыс.руб. | T47: =SUM(D47:G47) -> 0 | U47: =SUM(H47:K47) -> 0 | V47: =SUM(L47:O47) -> 0 | W47: =SUM(T47:V47) -> 0
B48: Остаток непогашенного убытка | C48: тыс.руб. | D48: =-D41 -> 0 | E48: =-E41 -> 0 | F48: =-F41 -> 0 | G48: =-G41 -> 0 | H48: =-H41 -> 0 | I48: =-I41 -> 0 | J48: =-J41 -> 0 | K48: =-K41 -> 0 | ... O48: =-O41 -> 0 | R48: Остаток непогашенного убытка | S48: тыс.руб. | T48: =SUM(D48:G48) -> 0 | U48: =SUM(H48:K48) -> 0 | V48: =SUM(L48:O48) -> 0 | W48: =SUM(T48:V48) -> 0
B49: Налог на прибыль | C49: тыс. руб. | D49: =D44*0.2 -> 30281.755 | E49: =E44*0.2 -> 99743.13 | F49: =F44*0.2 -> 99853.464 | G49: =G44*0.2 -> 99963.909 | H49: =H44*0.2 -> 146615.61 | I49: =I44*0.2 -> 146772.99 | J49: =J44*0.2 -> 145311.25 | K49: =K44*0.2 -> 145468.95 | ... O49: =O44*0.2 -> 145927.81 | R49: Налог на прибыль | S49: тыс. руб. | T49: =SUM(D49:G49) -> 329842.26 | U49: =SUM(H49:K49) -> 584168.81 | V49: =SUM(L49:O49) -> 582761.9 | W49: =SUM(T49:V49) -> 1496773
T51: =T30-SUM(D30:G30) -> 0 | U51: =U30-SUM(H30:K30) -> 0 | V51: =V30-SUM(L30:O30) -> 0
B52: Расчет иных налогов и сборов | C52: ед.изм. | D52: I год | H52: II год | L52: III год | R52: Расчет иных налогов и сборов | S52: Ед. изм. | T52: I год | U52: II год | V52: III год | W52: Итого
D53: I квартал | E53: II квартал | F53: III квартал | G53: IV квартал | H53: V квартал | I53: VI квартал | J53: VII квартал | K53: VIII квартал | L53: IX квартал | M53: X квартал | N53: XI квартал | O53: XII квартал
B54: НДС к уплате за текущий период | C54: тыс.руб. | D54: =IF(D55-D56>0,D55-D56,0) -> 30859.355 | E54: =IF(E55-E56>0,E55-E56,0) -> 104378.29 | F54: =IF(F55-F56>0,F55-F56,0) -> 104488.62 | G54: =IF(G55-G56>0,G55-G56,0) -> 104599.07 | H54: =IF(H55-H56>0,H55-H56,0) -> 152689.27 | I54: =IF(I55-I56>0,I55-I56,0) -> 152846.65 | J54: =IF(J55-J56>0,J55-J56,0) -> 153004.19 | K54: =IF(K55-K56>0,K55-K56,0) -> 153161.89 | ... O54: =IF(O55-O56>0,O55-O56,0) -> 153794.25 | R54: НДС к уплате | S54: тыс.руб. | T54: =SUM(D54:G54) -> 344325.34 | U54: =SUM(H54:K54) -> 611702.01 | V54: =SUM(L54:O54) -> 614227.66 | W54: =SUM(T54:V54) -> 1570255
B55: НДС исходящий | C55: тыс.руб. | D55: =D6*D68 -> 37112.48 | E55: =E6*E68 -> 111448.78 | F55: =F6*F68 -> 111560.23 | G55: =G6*G68 -> 111671.79 | H55: =H6*H68 -> 158969.97 | I55: =I6*I68 -> 159128.94 | J55: =J6*J68 -> 159288.07 | K55: =K6*K68 -> 159447.36 | ... O55: =O6*O68 -> 160086.11 | R55: Начисления с ФОТ | S55: тыс.руб. | T55: =SUM(D63:G63) -> 28697.4 | U55: =U24+U18 -> 37116 | V55: =V24+V18 -> 40852.8 | W55: =SUM(T55:V55) -> 106666.2
B56: НДС входящий | C56: тыс.руб. | D56: =SUM(D57:D60) -> 6253.1248 | E56: =SUM(E57:E60) -> 7070.4878 | F56: =SUM(F57:F60) -> 7071.6023 | G56: =SUM(G57:G60) -> 7072.7179 | H56: =SUM(H57:H60) -> 6280.6997 | I56: =SUM(I57:I60) -> 6282.2894 | J56: =SUM(J57:J60) -> 6283.8807 | K56: =SUM(K57:K60) -> 6285.4736 | ... O56: =SUM(O57:O60) -> 6291.8611 | R56: Прочие налоги и сборы | S56: тыс.руб. | T56: =SUM(D64:G64) -> 0 | U56: 0 | V56: 0 | W56: =SUM(T56:V56) -> 0
B57: НДС по переменным затратам | C57: тыс.руб. | D57: =(D12+D16+D19)*D71*D68 -> 419.1248 | E57: =(E12+E16+E19)*E71*E68 -> 1204.4878 | F57: =(F12+F16+F19)*F71*F68 -> 1205.6023 | G57: =(G12+G16+G19)*G71*G68 -> 1206.7179 | H57: =(H12+H16+H19)*H71*H68 -> 1679.6997 | I57: =(I12+I16+I19)*I71*I68 -> 1681.2894 | J57: =(J12+J16+J19)*J71*J68 -> 1682.8807 | K57: =(K12+K16+K19)*K71*K68 -> 1684.4736 | ... O57: =(O12+O16+O19)*O71*O68 -> 1690.8611 | R57: Итого иные налоги и сборы | S57: тыс.руб. | T57: =SUM(D65:G65) -> 373022.74 | U57: =U54+U55+U56 -> 648818.01 | V57: =V54+V55+V56 -> 655080.46 | W57: =SUM(T57:V57) -> 1676921.2
B58: НДС по инвестициям | C58: тыс.руб. | D58: =D66*D72*D68 -> 2910 | E58: =E66*E72*E68 -> 2910 | F58: =F66*F72*F68 -> 2910 | G58: =G66*G72*G68 -> 2910 | H58: =H66*H72*H68 -> 1645 | I58: =I66*I72*I68 -> 1645 | J58: =J66*J72*J68 -> 1645 | K58: =K66*K72*K68 -> 1645 | ... O58: =O66*O72*O68 -> 1645
B59: НДС с затрат на доставку | C59: тыс.руб. | D59: =D20*D73*D68 -> 2900 | E59: =E20*E73*E68 -> 2900 | F59: =F20*F73*F68 -> 2900 | G59: =G20*G73*G68 -> 2900 | H59: =H20*H73*H68 -> 2900 | I59: =I20*I73*I68 -> 2900 | J59: =J20*J73*J68 -> 2900 | K59: =K20*K73*K68 -> 2900 | ... O59: =O20*O73*O68 -> 2900
B60: НДС с накладных расходов | C60: тыс.руб. | D60: =D25*D74*D68 -> 24 | E60: =E25*E74*E68 -> 56 | F60: =F25*F74*F68 -> 56 | G60: =G25*G74*G68 -> 56 | H60: =H25*H74*H68 -> 56 | I60: =I25*I74*I68 -> 56 | J60: =J25*J74*J68 -> 56 | K60: =K25*K74*K68 -> 56 | ... O60: =O25*O74*O68 -> 56
B61: Уплаченный НДС ( в текущем квартале, за предыдущий) | C61: тыс.руб. | E61: =D54 -> 30859.355 | F61: =E54 -> 104378.29 | G61: =F54 -> 104488.62 | H61: =G54 -> 104599.07 | I61: =H54 -> 152689.27 | J61: =I54 -> 152846.65 | K61: =J54 -> 153004.19 | L61: =K54 -> 153161.89 | ... O61: =N54 -> 153635.92
B62: Сальдо начисления НДС | C62: тыс.руб. | D62: =D54-D61 -> 30859.355 | E62: =D62+E54-E61 -> 104378.29 | F62: =E62-F54+F55-F56 -> 104378.29 | G62: =F62-G54+G55-G56 -> 104378.29 | H62: =G62-H54+H55-H56 -> 104378.29 | I62: =H62-I54+I55-I56 -> 104378.29 | J62: =I62-J54+J55-J56 -> 104378.29 | K62: =J62-K54+K55-K56 -> 104378.29 | L62: =K62-L54+L55-L56 -> 104378.29 | M62: =L62-M54+M55-M56 -> 104378.29 | ... O62: =N62-O54+O55-O56 -> 104378.29
B63: Начисления с ФОТ | C63: тыс.руб. | D63: =D24+D18 -> 3663 | E63: =E24+E18 -> 8344.8 | F63: =F24+F18 -> 8344.8 | G63: =G24+G18 -> 8344.8 | H63: =H24+H18 -> 8344.8 | I63: =I24+I18 -> 8344.8 | J63: =J24+J18 -> 10213.2 | K63: =K24+K18 -> 10213.2 | ... O63: =O24+O18 -> 10213.2
B64: Прочие налоги и сборы | C64: тыс.руб. | D64: 0 | E64: 0 | F64: 0 | G64: 0 | H64: 0 | I64: 0 | J64: 0 | K64: 0 | L64: 0 | M64: 0 | N64: 0 | O64: 0
B65: Итого иные налоги и сборы | C65: тыс.руб. | D65: =D54+D63+D64 -> 34522.355 | E65: =E54+E63+E64 -> 112723.09 | F65: =F54+F63+F64 -> 112833.42 | G65: =G54+G63+G64 -> 112943.87 | H65: =H54+H63+H64 -> 161034.07 | I65: =I54+I63+I64 -> 161191.45 | J65: =J54+J63+J64 -> 163217.39 | K65: =K54+K63+K64 -> 163375.09 | ... O65: =O54+O63+O64 -> 164007.45
B66: Справочно: инвестиционные затраты (суммарные) | C66: тыс. руб. | D66: =Инвестиции!C16 -> 14550 | E66: =Инвестиции!D16 -> 14550 | F66: =Инвестиции!E16 -> 14550 | G66: =Инвестиции!F16 -> 14550 | H66: =Инвестиции!G16 -> 8225 | I66: =Инвестиции!H16 -> 8225 | J66: =Инвестиции!I16 -> 8225 | K66: =Инвестиции!J16 -> 8225 | ... O66: =Инвестиции!N16 -> 8225
B67: Ставки НДС (эффективные)
B68: По выручке от продажи товаров и себестоимости реализации | D68: 0.2 | E68: 0.2 | F68: 0.2 | G68: 0.2 | H68: 0.2 | I68: 0.2 | J68: 0.2 | K68: 0.2 | L68: 0.2 | M68: 0.2 | N68: 0.2 | O68: 0.2
B70: Доля затрат с НДС в общем объеме затрат (по категориям)
B71: Переменные затраты | D71: 1 | E71: 1 | F71: 1 | G71: 1 | H71: 1 | I71: 1 | J71: 1 | K71: 1 | L71: 1 | M71: 1 | N71: 1 | O71: 1
B72: Инвестиционные затраты | D72: 1 | E72: 1 | F72: 1 | G72: 1 | H72: 1 | I72: 1 | J72: 1 | K72: 1 | L72: 1 | M72: 1 | N72: 1 | O72: 1
B73: Переменные затраты - логистика | D73: 1 | E73: 1 | F73: 1 | G73: 1 | H73: 1 | I73: 1 | J73: 1 | K73: 1 | L73: 1 | M73: 1 | N73: 1 | O73: 1
B74: Постоянные расходы - накладные | D74: 1 | E74: 1 | F74: 1 | G74: 1 | H74: 1 | I74: 1 | J74: 1 | K74: 1 | L74: 1 | M74: 1 | N74: 1 | O74: 1

Sheet Выручка
B2: Прогноз Выручки | C2: Ед. изм. | D2: I год | H2: II год | L2: III год | Q2: Прогноз Выручки | R2: Ед. изм. | S2: I год | T2: II год | U2: III год
D3: I квартал | E3: II квартал | F3: III квартал | G3: IV квартал | H3: V квартал | I3: VI квартал | J3: VII квартал | K3: VIII квартал | L3: IX квартал | M3: X квартал | N3: XI квартал | O3: XII квартал
B4: Продукция (Услуги / Работы) №1 (пек) | Q4: =B4 -> Продукция (Услуги / Работы) №1 (пек)
B5: Объем реализации | C5: ед. | D5: 3600 | E5: 10800 | F5: 10800 | G5: 10800 | H5: 15500 | I5: 15500 | J5: 15500 | K5: 15500 | L5: 15500 | M5: 15500 | N5: 15500 | O5: 15500 | Q5: =B5 -> Объем реализации | R5: ед. | S5: =SUM(D5:G5) -> 36000 | T5: =SUM(H5:K5) -> 62000 | U5: =SUM(L5:O5) -> 62000
B6: Средняя цена (без НДС) | C6: руб. | D6: 22800 | E6: =D6*(1+E7) -> 22822.8 | F6: =E6*(1+F7) -> 22845.623 | G6: =F6*(1+G7) -> 22868.468 | H6: =G6*(1+H7) -> 22891.337 | I6: =H6*(1+I7) -> 22914.228 | J6: =I6*(1+J7) -> 22937.142 | K6: =J6*(1+K7) -> 22960.08 | L6: =K6*(1+L7) -> 22983.04 | ... O6: =N6*(1+O7) -> 23052.058 | Q6: =B6 -> Средняя цена (без НДС) | R6: руб. | S6: =IFERROR(S8/#REF!*1000,0) -> 0 | T6: =IFERROR(T8/#REF!*1000,0) -> 0 | U6: =IFERROR(U8/#REF!*1000,0) -> 0
B7: Прирост цены, в % | C7: % | D7: 0.001 | E7: 0.001 | F7: 0.001 | G7: 0.001 | H7: 0.001 | I7: 0.001 | J7: 0.001 | K7: 0.001 | L7: 0.001 | M7: 0.001 | N7: 0.001 | O7: 0.001 | Q7: =B7 -> Прирост цены, в % | R7: % | T7: =IFERROR(T6/S6,0) -> 0 | U7: =IFERROR(U6/T6,0) -> 0
B8: Выручка от реализации без НДС - Продукция (Услуги / Работы) №1 | C8: тыс. руб. | D8: =D5*D6/1000 -> 82080 | E8: =E5*E6/1000 -> 246486.24 | F8: =F5*F6/1000 -> 246732.73 | G8: =G5*G6/1000 -> 246979.46 | H8: =H5*H6/1000 -> 354815.72 | I8: =I5*I6/1000 -> 355170.54 | J8: =J5*J6/1000 -> 355525.71 | K8: =K5*K6/1000 -> 355881.23 | ... O8: =O5*O6/1000 -> 357306.9 | Q8: =B8 -> Выручка от реализации без НДС - Продукция (Услуги / Работы) №1 | R8: тыс. руб. | S8: =SUM(D8:G8) -> 822278.43 | T8: =SUM(H8:K8) -> 1421393.2 | U8: =SUM(L8:O8) -> 1427087.3
B9: Продукция (Услуги / Работы) №2 (масла) | Q9: =B9 -> Продукция (Услуги / Работы) №2 (масла)
B10: Объем реализации | C10: ед. | D10: 3400 | E10: 10200 | F10: 10200 | G10: 10200 | H10: 14400 | I10: 14400 | J10: 14400 | K10: 14400 | L10: 14400 | M10: 14400 | N10: 14400 | O10: 14400 | Q10: =B10 -> Объем реализации | R10: ед. | S10: =SUM(D10:G10) -> 34000 | T10: =SUM(H10:K10) -> 57600 | U10: =SUM(L10:O10) -> 57600
B11: Средняя цена (без НДС) | C11: руб. | D11: 30436 | E11: =D11*(1+E12) -> 30466.436 | F11: =E11*(1+F12) -> 30496.902 | G11: =F11*(1+G12) -> 30527.399 | H11: =G11*(1+H12) -> 30557.927 | I11: =H11*(1+I12) -> 30588.485 | J11: =I11*(1+J12) -> 30619.073 | K11: =J11*(1+K12) -> 30649.692 | L11: =K11*(1+L12) -> 30680.342 | ... O11: =N11*(1+O12) -> 30772.475 | Q11: =B11 -> Средняя цена (без НДС) | R11: руб. | S11: =IFERROR(S13/#REF!*1000,0) -> 0 | T11: =IFERROR(T13/#REF!*1000,0) -> 0 | U11: =IFERROR(U13/#REF!*1000,0) -> 0
B12: Прирост цены, в % | C12: % | D12: 0.001 | E12: 0.001 | F12: 0.001 | G12: 0.001 | H12: 0.001 | I12: 0.001 | J12: 0.001 | K12: 0.001 | L12: 0.001 | M12: 0.001 | N12: 0.001 | O12: 0.001 | Q12: =B12 -> Прирост цены, в % | R12: % | T12: =IFERROR(T11/S11,0) -> 0 | U12: =IFERROR(U11/T11,0) -> 0
B13: Выручка от реализации без НДС - Продукция (Услуги / Работы) №2 | C13: тыс. руб. | D13: =D10*D11/1000 -> 103482.4 | E13: =E10*E11/1000 -> 310757.65 | F13: =F10*F11/1000 -> 311068.4 | G13: =G10*G11/1000 -> 311379.47 | H13: =H10*H11/1000 -> 440034.15 | I13: =I10*I11/1000 -> 440474.18 | J13: =J10*J11/1000 -> 440914.65 | K13: =K10*K11/1000 -> 441355.57 | ... O13: =O10*O11/1000 -> 443123.64 | Q13: =B13 -> Выручка от реализации без НДС - Продукция (Услуги / Работы) №2 | R13: тыс. руб. | S13: =SUM(D13:G13) -> 1036687.9 | T13: =SUM(H13:K13) -> 1762778.5 | U13: =SUM(L13:O13) -> 1769840.2
B14: Продукция (Услуги / Работы) №3 | Q14: =B14 -> Продукция (Услуги / Работы) №3
B15: Объем реализации | C15: ед. | Q15: =B15 -> Объем реализации | R15: ед. | S15: =SUM(D15:G15) -> 0 | T15: =SUM(H15:K15) -> 0 | U15: =SUM(L15:O15) -> 0
B16: Средняя цена (без НДС) | C16: руб. | E16: =D16*(1+E17) -> 0 | F16: =E16*(1+F17) -> 0 | G16: =F16*(1+G17) -> 0 | H16: =G16*(1+H17) -> 0 | I16: =H16*(1+I17) -> 0 | J16: =I16*(1+J17) -> 0 | K16: =J16*(1+K17) -> 0 | L16: =K16*(1+L17) -> 0 | ... O16: =N16*(1+O17) -> 0 | Q16: =B16 -> Средняя цена (без НДС) | R16: руб. | S16: =IFERROR(S18/#REF!*1000,0) -> 0 | T16: =IFERROR(T18/#REF!*1000,0) -> 0 | U16: =IFERROR(U18/#REF!*1000,0) -> 0
B17: Прирост цены, в % | C17: % | Q17: =B17 -> Прирост цены, в % | R17: % | T17: =IFERROR(T16/S16,0) -> 0 | U17: =IFERROR(U16/T16,0) -> 0
B18: Выручка от реализации без НДС - Продукция (Услуги / Работы) №3 | C18: тыс. руб. | D18: =D15*D16/1000 -> 0 | E18: =E15*E16/1000 -> 0 | F18: =F15*F16/1000 -> 0 | G18: =G15*G16/1000 -> 0 | H18: =H15*H16/1000 -> 0 | I18: =I15*I16/1000 -> 0 | J18: =J15*J16/1000 -> 0 | K18: =K15*K16/1000 -> 0 | ... O18: =O15*O16/1000 -> 0 | Q18: =B18 -> Выручка от реализации без НДС - Продукция (Услуги / Работы) №3 | R18: тыс. руб. | S18: =SUM(D18:G18) -> 0 | T18: =SUM(H18:K18) -> 0 | U18: =SUM(L18:O18) -> 0
B19: Итого | Q19: =B19 -> Итого
B20: Объем реализации | C20: ед. | D20: =D5+D10+D15 -> 7000 | E20: =E5+E10+E15 -> 21000 | F20: =F5+F10+F15 -> 21000 | G20: =G5+G10+G15 -> 21000 | H20: =H5+H10+H15 -> 29900 | I20: =I5+I10+I15 -> 29900 | J20: =J5+J10+J15 -> 29900 | K20: =K5+K10+K15 -> 29900 | ... O20: =O5+O10+O15 -> 29900 | Q20: =B20 -> Объем реализации | R20: ед. | S20: =SUM(D20:G20) -> 70000 | T20: =SUM(H20:K20) -> 119600 | U20: =SUM(L20:O20) -> 119600
B21: Средняя цена (без НДС) | C21: руб. | E21: =IFERROR(E23/E20,0) -> 26.535423 | F21: =IFERROR(F23/F20,0) -> 26.561959 | G21: =IFERROR(G23/G20,0) -> 26.588521 | H21: =IFERROR(H23/H20,0) -> 26.583608 | I21: =IFERROR(I23/I20,0) -> 26.610191 | J21: =IFERROR(J23/J20,0) -> 26.636801 | K21: =IFERROR(K23/K20,0) -> 26.663438 | L21: =IFERROR(L23/L20,0) -> 26.690102 | ... O21: =IFERROR(O23/O20,0) -> 26.770252 | Q21: =B21 -> Средняя цена (без НДС) | R21: руб. | S21: =IFERROR(S23/#REF!*1000,0) -> 0 | T21: =IFERROR(T23/#REF!*1000,0) -> 0 | U21: =IFERROR(U23/#REF!*1000,0) -> 0
B22: Прирост цены, в % | C22: % | Q22: =B22 -> Прирост цены, в % | R22: % | T22: =IFERROR(T21/S21,0) -> 0 | U22: =IFERROR(U21/T21,0) -> 0
B23: Выручка от реализации без НДС - Итого | C23: тыс. руб. | D23: =D8+D13+D18 -> 185562.4 | E23: =E8+E13+E18 -> 557243.89 | F23: =F8+F13+F18 -> 557801.13 | G23: =G8+G13+G18 -> 558358.93 | H23: =H8+H13+H18 -> 794849.87 | I23: =I8+I13+I18 -> 795644.72 | J23: =J8+J13+J18 -> 796440.36 | K23: =K8+K13+K18 -> 797236.8 | ... O23: =O8+O13+O18 -> 800430.54 | Q23: =B23 -> Выручка от реализации без НДС - Итого | R23: тыс. руб. | S23: =SUM(D23:G23) -> 1858966.4 | T23: =SUM(H23:K23) -> 3184171.7 | U23: =SUM(L23:O23) -> 3196927.6
B25: Примечание к расчету:
B26: В расчете не учитыватся готовая продукция, имеющаяся в налиции на складах предприятия
B27: 1 квартал переработка смолы 7000/месяц (1 технологический поток/1 месяц)
B28: 2-4 квартал переработка смолы 7000/месяц (1 технологический поток/3 месяца)
B29: 5-12 квартал переработка смолы 10000/месяц (2 технологических потока/3 месяца)
B30: Расчет средней цены на выходную продукцию
B31: Наименование выходной продукции* | C31: % выхода с производства | D31: цена за 1 т/$ | E31: ср. цена за 1 т/$** | F31: ср. цена за 1 т/руб
B32: пек | C32: 51.45 | D32: 280-350 | E32: 300 | F32: =E32*95 -> 28500
B33: легкое масло | C33: 0.63 | D33: 650 | E33: 400 | F33: 38045.2
B34: фенольное масло | C34: 1.93 | D34: 370
B35: нафталиновая фракция | C35: 8 | D35: 455
B36: поглотительное масло | C36: 7.9 | D36: 290
B37: дистилляты пековые | C37: 7.2 | D37: 290
B38: антраценовое масло | C38: 22.89 | D38: 450
B39: цены в $ расчитаны по периоду2013г
B40: *Товарные смеси масел каменноугольных в расчете не учитывались. Смеси производят из общего объема исходных масел
B41: ** Курс доллара в расчете 1$/95 рос.руб, НДС 20%
B42: Усредненная цена по маслам расчитана из объемного выхода масел месячной переработки 7000т
B43: выход масел - 3400т/мес
B44: общая стоимость масел - 129296615,0
B45: средняя цена за 1 т - 38045,20
B46: средняя цена за 1 т без НДС - 30436,16

Sheet Инвестиции
B2: Инструкция:
B3: Заполнить согласно перечню планируемых затрат. Формы таблиц могут быть изменены, однако "Капитальные вложения" должны совпадать с их разбивкой.
B4: Капитальные вложения не должны включать текущие затраты (исключается также текущий ремонт и приобретение имущества стоимостью до 100 тыс. руб.)
B5: Сумма инвестиционных затрат должна совпадать с таблицей источников средств.
B7: Источники финансирования, тыс. руб. | C7: I год | D7: в т.ч. Кап.вложения | E7: II год | F7: в т.ч. Кап.вложения | G7: III год | H7: в т.ч. Кап.вложения | I7: Итого | J7: в т.ч. Кап.вложения
B8: Собственные средства | C8: =C36 -> 315310 | D8: =C28 -> 58200 | E8: =D36 -> 32900 | F8: =D28 -> 32900 | G8: =E36 -> 32900 | H8: =E28 -> 32900 | I8: =C8+E8+G8 -> 381110 | J8: =D8+F8+H8 -> 124000
B9: Заемное финансирование | C9: =C10-C8 -> 0 | D9: =D10-D8 -> 0 | E9: =E10-E8 -> 0 | F9: =F10-F8 -> 0 | G9: =G10-G8 -> 0 | H9: =H10-H8 -> 0 | I9: =C9+E9+G9 -> 0 | J9: =D9+F9+H9 -> 0
B10: Итого | C10: =C36 -> 315310 | D10: =C28 -> 58200 | E10: =D36 -> 32900 | F10: =D28 -> 32900 | G10: =E36 -> 32900 | H10: =E28 -> 32900 | I10: =SUM(I8:I9) -> 381110 | J10: =SUM(J8:J9) -> 124000
B13: Инвестиции | C13: I квартал | D13: II квартал | E13: III квартал | F13: IV квартал | G13: V квартал | H13: VI квартал | I13: VII квартал | J13: VIII квартал | K13: IX квартал | L13: X квартал | M13: XI квартал | N13: XII квартал
B14: Собственные средства | C14: =D10/4 -> 14550 | D14: =D10/4 -> 14550 | E14: =D10/4 -> 14550 | F14: =D10/4 -> 14550 | G14: =F10/4 -> 8225 | H14: =F10/4 -> 8225 | I14: =F10/4 -> 8225 | J14: =F10/4 -> 8225 | K14: =H10/4 -> 8225 | L14: =H10/4 -> 8225 | M14: =H10/4 -> 8225 | N14: =H10/4 -> 8225
B15: Заемное финансирование
B16: Итого | C16: =SUM(C14:C15) -> 14550 | D16: =SUM(D14:D15) -> 14550 | E16: =SUM(E14:E15) -> 14550 | F16: =SUM(F14:F15) -> 14550 | G16: =SUM(G14:G15) -> 8225 | H16: =SUM(H14:H15) -> 8225 | I16: =SUM(I14:I15) -> 8225 | J16: =SUM(J14:J15) -> 8225 | ... N16: =SUM(N14:N15) -> 8225
F17: =SUM(C16:F16)=D10 -> TRUE | J17: =SUM(G16:J16)=F10 -> TRUE | N17: =SUM(K16:N16)=H10 -> TRUE
B19: Направления инвестиций, тыс. руб. | C19: =C7 -> I год | D19: =E7 -> II год | E19: =G7 -> III год | F19: Итого
B20: Капитальные вложения
B21: Капитальные ремонты зданий и сооружений | C21: 10500 | D21: 7500 | E21: 7500 | F21: =SUM(C21:E21) -> 25500 | G21: =F21-SUM(C21:E21) -> 0
B22: Капитальные ремонты (замена) механического оборудования | C22: 6500 | D22: 3800 | E22: 3800 | F22: =SUM(C22:E22) -> 14100 | G22: =F22-SUM(C22:E22) -> 0
B23: Капитальные ремонты (замена) энергетического оборудования | C23: 15200 | D23: 6800 | E23: 6800 | F23: =SUM(C23:E23) -> 28800 | G23: =F23-SUM(C23:E23) -> 0
B24: Капитальные ремонты (замена) оборудования КИПиА | C24: 11000 | D24: 5300 | E24: 5300 | F24: =SUM(C24:E24) -> 21600 | G24: =F24-SUM(C24:E24) -> 0
B25: Капитальные ремонты (закупка) автотранспорта | C25: 8400 | D25: 6000 | E25: 6000 | F25: =SUM(C25:E25) -> 20400 | G25: =F25-SUM(C25:E25) -> 0
B26: Капитальные ремонты ж.д.транспорта и ж.д. хозяйства | C26: 6600 | D26: 3500 | E26: 3500
F27: =SUM(C27:E27) -> 0 | G27: =F27-SUM(C27:E27) -> 0
B28: Итого капитальные вложения ("Объем инвестиций, с НДС") | C28: =SUM(C21:C27) -> 58200 | D28: =SUM(D21:D27) -> 32900 | E28: =SUM(E21:E27) -> 32900 | F28: =SUM(C28:E28) -> 124000 | G28: =F28-SUM(C28:E28) -> 0
B29: Кроме того (справочно), покрытие текущих расходов (до выхода на самоокупаемость), в т.ч. | C29: =SUM(C30:C35) -> 257110 | D29: =SUM(D30:D35) -> 0 | E29: =SUM(E30:E35) -> 0 | F29: =SUM(C29:E29) -> 257110 | G29: =F29-SUM(C29:E29) -> 0
B30: Затраты на энергоресурсы (электроэнергия, газ, вода, стоки) | C30: 22500 | F30: =SUM(C30:E30) -> 22500 | G30: =F30-SUM(C30:E30) -> 0
B31: Закупка сырья (смола каменноугольная) на переработку | C31: 210000 | F31: =SUM(C31:E31) -> 210000
B32: Закупка спецодежды, СИЗ, инструмента, расходных материалов, запасных деталей | C32: 3800 | F32: =SUM(C32:E32) -> 3800 | G32: =F32-SUM(C32:E32) -> 0
B33: Затраты на оплату труда (восстановительный период + 1 рабочий месяц) | C33: 15500 | F33: =SUM(C33:E33) -> 15500 | G33: =F33-SUM(C33:E33) -> 0
B34: Арендная плата за землепользование | C34: 1310 | F34: =SUM(C34:E34) -> 1310 | G34: =F34-SUM(C34:E34) -> 0
B35: Получение спецразрешений на деятельность, выполнение требований ОТ, МЧС, Горпромнадзор, Энергонадзор, Минэкологии на начало работ | C35: 4000 | F35: =SUM(C35:E35) -> 4000 | G35: =F35-SUM(C35:E35) -> 0
B36: Итого | C36: =C28+C29 -> 315310 | D36: =D28+D29 -> 32900 | E36: =E28+E29 -> 32900 | F36: =SUM(C36:E36) -> 381110 | G36: =F36-SUM(C36:E36) -> 0
B37: проверка: | C37: =C36-C10 -> 0 | D37: =D36-E10 -> 0 | E37: =E36-G10 -> 0 | F37: =F36-I10 -> 0
B39: Капитальные вложения - первоначальная стоимость | C39: I год | D39: II год | E39: III год
B40: =B21 -> Капитальные ремонты зданий и сооружений | C40: =C21 -> 10500 | D40: =C40+D21 -> 18000 | E40: =D40+E21 -> 25500
B41: =B22 -> Капитальные ремонты (замена) механического оборудования | C41: =C22 -> 6500 | D41: =C41+D22 -> 10300 | E41: =D41+E22 -> 14100
B42: =B23 -> Капитальные ремонты (замена) энергетического оборудования | C42: =C23 -> 15200 | D42: =C42+D23 -> 22000 | E42: =D42+E23 -> 28800
B43: =B24 -> Капитальные ремонты (замена) оборудования КИПиА | C43: =C24 -> 11000 | D43: =C43+D24 -> 16300 | E43: =D43+E24 -> 21600
B44: =B25 -> Капитальные ремонты (закупка) автотранспорта | C44: =C25 -> 8400 | D44: =C44+D25 -> 14400 | E44: =D44+E25 -> 20400
B45: =B26 -> Капитальные ремонты ж.д.транспорта и ж.д. хозяйства | C45: =C26 -> 6600 | D45: =D26 -> 3500 | E45: =E26 -> 3500
C46: =SUM(C40:C45) -> 58200 | D46: =SUM(D40:D45) -> 84500 | E46: =SUM(E40:E45) -> 113900
B48: Амортизация | C48: I год | D48: II год | E48: III год | F48: СПИ, число лет
B49: =B40 -> Капитальные ремонты зданий и сооружений | C49: =IFERROR(C40/$F49*1,0) -> 1050 | D49: =IFERROR(D40/$F49*1,0) -> 1800 | E49: =IFERROR(E40/$F49*1,0) -> 2550 | F49: 10
B50: =B41 -> Капитальные ремонты (замена) механического оборудования | C50: =IFERROR(C41/$F50*1,0) -> 650 | D50: =IFERROR(D41/$F50*1,0) -> 1030 | E50: =IFERROR(E41/$F50*1,0) -> 1410 | F50: 10
B51: =B42 -> Капитальные ремонты (замена) энергетического оборудования | C51: =IFERROR(C42/$F51*1,0) -> 1520 | D51: =IFERROR(D42/$F51*1,0) -> 2200 | E51: =IFERROR(E42/$F51*1,0) -> 2880 | F51: 10
B52: =B43 -> Капитальные ремонты (замена) оборудования КИПиА | C52: =IFERROR(C43/$F52*1,0) -> 2200 | D52: =IFERROR(D43/$F52*1,0) -> 3260 | E52: =IFERROR(E43/$F52*1,0) -> 4320 | F52: 5
B53: =B44 -> Капитальные ремонты (закупка) автотранспорта | C53: =IFERROR(C44/$F53*1,0) -> 840 | D53: =IFERROR(D44/$F53*1,0) -> 1440 | E53: =IFERROR(E44/$F53*1,0) -> 2040 | F53: 10
B54: =B45 -> Капитальные ремонты ж.д.транспорта и ж.д. хозяйства | C54: =IFERROR(C45/$F54*1,0) -> 0 | D54: =IFERROR(D45/$F54*1,0) -> 0 | E54: =IFERROR(E45/$F54*1,0) -> 0
B55: Всего | C55: =SUM(C49:C54) -> 6260 | D55: =SUM(D49:D54) -> 9730 | E55: =SUM(E49:E54) -> 13200
B57: Амортизация (поквартально) | C57: I квартал | D57: II квартал | E57: III квартал | F57: IV квартал | G57: V квартал | H57: VI квартал | I57: VII квартал | J57: VIII квартал | K57: IX квартал | L57: X квартал | M57: XI квартал | N57: XII квартал
B58: =B49 -> Капитальные ремонты зданий и сооружений | C58: =C49/4 -> 262.5 | D58: =C49/4 -> 262.5 | E58: =C49/4 -> 262.5 | F58: =C49/4 -> 262.5 | G58: =D49/4 -> 450 | H58: =D49/4 -> 450 | I58: =D49/4 -> 450 | J58: =D49/4 -> 450 | K58: =E49/4 -> 637.5 | L58: =E49/4 -> 637.5 | M58: =E49/4 -> 637.5 | N58: =E49/4 -> 637.5
B59: =B50 -> Капитальные ремонты (замена) механического оборудования | C59: =C50/4 -> 162.5 | D59: =C50/4 -> 162.5 | E59: =C50/4 -> 162.5 | F59: =C50/4 -> 162.5 | G59: =D50/4 -> 257.5 | H59: =D50/4 -> 257.5 | I59: =D50/4 -> 257.5 | J59: =D50/4 -> 257.5 | K59: =E50/4 -> 352.5 | L59: =E50/4 -> 352.5 | M59: =E50/4 -> 352.5 | N59: =E50/4 -> 352.5
B60: =B51 -> Капитальные ремонты (замена) энергетического оборудования | C60: =C51/4 -> 380 | D60: =C51/4 -> 380 | E60: =C51/4 -> 380 | F60: =C51/4 -> 380 | G60: =D51/4 -> 550 | H60: =D51/4 -> 550 | I60: =D51/4 -> 550 | J60: =D51/4 -> 550 | K60: =E51/4 -> 720 | L60: =E51/4 -> 720 | M60: =E51/4 -> 720 | N60: =E51/4 -> 720
B61: =B52 -> Капитальные ремонты (замена) оборудования КИПиА | C61: =C52/4 -> 550 | D61: =C52/4 -> 550 | E61: =C52/4 -> 550 | F61: =C52/4 -> 550 | G61: =D52/4 -> 815 | H61: =D52/4 -> 815 | I61: =D52/4 -> 815 | J61: =D52/4 -> 815 | K61: =E52/4 -> 1080 | L61: =E52/4 -> 1080 | M61: =E52/4 -> 1080 | N61: =E52/4 -> 1080
B62: =B53 -> Капитальные ремонты (закупка) автотранспорта | C62: =C53/4 -> 210 | D62: =C53/4 -> 210 | E62: =C53/4 -> 210 | F62: =C53/4 -> 210 | G62: =D53/4 -> 360 | H62: =D53/4 -> 360 | I62: =D53/4 -> 360 | J62: =D53/4 -> 360 | K62: =E53/4 -> 510 | L62: =E53/4 -> 510 | M62: =E53/4 -> 510 | N62: =E53/4 -> 510
B63: =B54 -> Капитальные ремонты ж.д.транспорта и ж.д. хозяйства | C63: =C54/4 -> 0 | D63: =C54/4 -> 0 | E63: =C54/4 -> 0 | F63: =C54/4 -> 0 | G63: =D54/4 -> 0 | H63: =D54/4 -> 0 | I63: =D54/4 -> 0 | J63: =D54/4 -> 0 | K63: =E54/4 -> 0 | L63: =E54/4 -> 0 | M63: =E54/4 -> 0 | N63: =E54/4 -> 0
B64: Итого | C64: =SUM(C58:C63) -> 1565 | D64: =SUM(D58:D63) -> 1565 | E64: =SUM(E58:E63) -> 1565 | F64: =SUM(F58:F63) -> 1565 | G64: =SUM(G58:G63) -> 2432.5 | H64: =SUM(H58:H63) -> 2432.5 | I64: =SUM(I58:I63) -> 2432.5 | J64: =SUM(J58:J63) -> 2432.5 | ... N64: =SUM(N58:N63) -> 3300

Sheet Штат
B1: Заполните поля в розовых ячейках (остальные заполнять не нужно) | G1: Заполните поля в розовых ячейках (остальные заполнять не нужно)
B3: Расчет расходов на персонал | C3: I год | D3: II год | E3: III год | G3: Расчет расходов на персонал | H3: I квартал | I3: II квартал | J3: III квартал | K3: IV квартал | L3: V квартал | M3: VI квартал | N3: VII квартал | O3: VIII квартал | P3: IX квартал | Q3: X квартал | R3: XI квартал | S3: XII квартал
B4: Кол-во месяцев | C4: 12 | D4: 12 | E4: 12 | G4: Кол-во месяцев | H4: 3 | I4: 3 | J4: 3 | K4: 3 | L4: 3 | M4: 3 | N4: 3 | O4: 3 | P4: 3 | Q4: 3 | R4: 3 | S4: 3
B5: Штат, ед. (кол-во чел.) в т.ч. | C5: =SUM(C6:C7) -> 291.25 | D5: =SUM(D6:D7) -> 340 | E5: =SUM(E6:E7) -> 340 | G5: Штат, ед. (кол-во чел.) в т.ч. | H5: =SUM(H6:H7) -> 145 | I5: =SUM(I6:I7) -> 340 | J5: =SUM(J6:J7) -> 340 | K5: =SUM(K6:K7) -> 340 | L5: =SUM(L6:L7) -> 340 | M5: =SUM(M6:M7) -> 340 | N5: =SUM(N6:N7) -> 340 | O5: =SUM(O6:O7) -> 340 | ... S5: =SUM(S6:S7) -> 340
B6: Сотрудники основного производства / ИТР | C6: =AVERAGE(H6:K6) -> 258 | D6: =AVERAGE(L6:O6) -> 304 | E6: =AVERAGE(P6:S6) -> 304 | G6: =B6 -> Сотрудники основного производства / ИТР | H6: 120 | I6: 304 | J6: 304 | K6: 304 | L6: 304 | M6: 304 | N6: 304 | O6: 304 | P6: 304 | Q6: 304 | R6: 304 | S6: 304
B7: Административный персонал | C7: =AVERAGE(H7:K7) -> 33.25 | D7: =AVERAGE(L7:O7) -> 36 | E7: =AVERAGE(P7:S7) -> 36 | G7: =B7 -> Административный персонал | H7: 25 | I7: 36 | J7: 36 | K7: 36 | L7: 36 | M7: 36 | N7: 36 | O7: 36 | P7: 36 | Q7: 36 | R7: 36 | S7: 36
B9: Ср. заработная плата (с НДФЛ), тыс. руб. | C9: =IFERROR(C13/C5,0)/C4 -> 27.369957 | D9: =IFERROR(D13/D5,0)/D4 -> 30.323529 | E9: =IFERROR(E13/E5,0)/E4 -> 33.376471 | G9: Ср. заработная плата (с НДФЛ), тыс. руб. | H9: =IFERROR(H13/H5,0)/H4 -> 0 | I9: =IFERROR(I13/I5,0)/I4 -> 0 | J9: =IFERROR(J13/J5,0)/J4 -> 0 | K9: =IFERROR(K13/K5,0)/K4 -> 0 | L9: =IFERROR(L13/L5,0)/L4 -> 0 | M9: =IFERROR(M13/M5,0)/M4 -> 0 | N9: =IFERROR(N13/N5,0)/N4 -> 0 | O9: =IFERROR(O13/O5,0)/O4 -> 0 | ... S9: =IFERROR(S13/S5,0)/S4 -> 0
B10: Сотрудники основного производства / ИТР | C10: =C14/C6/C4 -> 26 | D10: =D14/D6/D4 -> 29 | E10: =E14/E6/E4 -> 32 | G10: =B10 -> Сотрудники основного производства / ИТР | H10: 26 | I10: 26 | J10: 26 | K10: 26 | L10: 26 | M10: 26 | N10: 32 | O10: 32 | P10: 32 | Q10: 32 | R10: 32 | S10: 32
B11: Административный персонал | C11: =C15/C7/C5 -> 1.5656652 | D11: =D15/D7/D5 -> 1.4647059 | E11: =E15/E7/E5 -> 1.5882353 | G11: =B11 -> Административный персонал | H11: 38 | I11: 38 | J11: 38 | K11: 38 | L11: 38 | M11: 38 | N11: 45 | O11: 45 | P11: 45 | Q11: 45 | R11: 45 | S11: 45
B13: Итого заработная плата, тыс. руб. | C13: =SUM(C14:C15) -> 95658 | D13: =SUM(D14:D15) -> 123720 | E13: =SUM(E14:E15) -> 136176 | G13: Итого заработная плата, тыс. руб.
B14: Сотрудники основного производства / ИТР | C14: =SUM(H14:K14) -> 80496 | D14: =SUM(L14:O14) -> 105792 | E14: =SUM(P14:S14) -> 116736 | G14: =B14 -> Сотрудники основного производства / ИТР | H14: =H6*H10*H4 -> 9360 | I14: =I6*I10*I4 -> 23712 | J14: =J6*J10*J4 -> 23712 | K14: =K6*K10*K4 -> 23712 | L14: =L6*L10*L4 -> 23712 | M14: =M6*M10*M4 -> 23712 | N14: =N6*N10*N4 -> 29184 | O14: =O6*O10*O4 -> 29184 | ... S14: =S6*S10*S4 -> 29184
B15: Административный персонал | C15: =SUM(H15:K15) -> 15162 | D15: =SUM(L15:O15) -> 17928 | E15: =SUM(P15:S15) -> 19440 | G15: =B15 -> Административный персонал | H15: =H7*H11*H4 -> 2850 | I15: =I7*I11*I4 -> 4104 | J15: =J7*J11*J4 -> 4104 | K15: =K7*K11*K4 -> 4104 | L15: =L7*L11*L4 -> 4104 | M15: =M7*M11*M4 -> 4104 | N15: =N7*N11*N4 -> 4860 | O15: =O7*O11*O4 -> 4860 | ... S15: =S7*S11*S4 -> 4860
B17: Отчисления на ФОТ, тыс. руб. | C17: =SUM(C18:C19) -> 28697.4 | D17: =SUM(D18:D19) -> 37116 | E17: =SUM(E18:E19) -> 40852.8 | G17: Отчисления на ФОТ, тыс. руб. | H17: =SUM(H18:H19) -> 3663 | I17: =SUM(I18:I19) -> 8344.8 | J17: =SUM(J18:J19) -> 8344.8 | K17: =SUM(K18:K19) -> 8344.8 | L17: =SUM(L18:L19) -> 8344.8 | M17: =SUM(M18:M19) -> 8344.8 | N17: =SUM(N18:N19) -> 10213.2 | O17: =SUM(O18:O19) -> 10213.2 | ... S17: =SUM(S18:S19) -> 10213.2
B18: Сотрудники основного производства / ИТР | C18: =SUM(H18:K18) -> 24148.8 | D18: =SUM(L18:O18) -> 31737.6 | E18: =SUM(P18:S18) -> 35020.8 | G18: =B18 -> Сотрудники основного производства / ИТР | H18: =H14*0.3 -> 2808 | I18: =I14*0.3 -> 7113.6 | J18: =J14*0.3 -> 7113.6 | K18: =K14*0.3 -> 7113.6 | L18: =L14*0.3 -> 7113.6 | M18: =M14*0.3 -> 7113.6 | N18: =N14*0.3 -> 8755.2 | O18: =O14*0.3 -> 8755.2 | ... S18: =S14*0.3 -> 8755.2
B19: Административный персонал | C19: =SUM(H19:K19) -> 4548.6 | D19: =SUM(L19:O19) -> 5378.4 | E19: =SUM(P19:S19) -> 5832 | G19: =B19 -> Административный персонал | H19: =H15*0.3 -> 855 | I19: =I15*0.3 -> 1231.2 | J19: =J15*0.3 -> 1231.2 | K19: =K15*0.3 -> 1231.2 | L19: =L15*0.3 -> 1231.2 | M19: =M15*0.3 -> 1231.2 | N19: =N15*0.3 -> 1458 | O19: =O15*0.3 -> 1458 | ... S19: =S15*0.3 -> 1458
G22: Примечание
G23: 1 квартал организационно-восстановительный период ( неполный штат, охрана, ремонтные бригады)
G24: 2-12 квартал работа в штатном режиме ( полный штат)
